 Dungeon Crawl Stone Soup version 0.30-a0-377-g5cb311bc9f (webtiles) character file.

Game seed: 13226795384405781676

39 bande the Shield-Bearer (level 3, -10/24 HPs)
             Began as a Gargoyle Fighter on Nov 27, 2022.
             Killed by an exploding ball python (34 damage)
             ... ignited by their inner flame
             ... on level 3 of the Dungeon.
             The game lasted 00:04:06 (1356 turns).

bande the Shield-Bearer (Gargoyle Fighter)          Turns: 1356, Time: 00:04:06

Health: -10/24     AC: 10    Str: 19    XL:     3   Next: 47%
Magic:  3/3        EV:  9    Int:  8    God:
Gold:   149        SH:  5    Dex: 17    Spells: 2/2 levels left

rFire   . . .      SeeInvis .    a - +1 war axe
rCold   . . .      Faith    .    c - +0 buckler
rNeg    + . .      Spirit   .    b - +0 scale mail
rPois   ∞          Reflect  .    (no helmet)
rElec   +          Harm     .    (no cloak)
rCorr   .          Rampage  .    (no gloves)
Will    .....                    (no boots)
Stlth   ..........               (no amulet)
HPRegen 0.24/turn                k - +6 ring of dexterity
MPRegen 0.08/turn                (no ring)

@: weak-willed
A: sickness immunity, AC +3, negative energy resistance 1, electricity
resistance, torment resistance 1, petrification resistance
a: no special abilities


You were on level 3 of the Dungeon.
You visited 1 branch of the dungeon, and saw 3 of its levels.

You collected 161 gold pieces.
You spent 12 gold pieces at shops.

Inventory:

Hand Weapons
 a - a +1 war axe (weapon)
Armour
 b - a +0 scale mail (worn)
 c - a +0 buckler (worn)
Jewellery
 k - a +6 ring of dexterity (left hand)
Scrolls
 e - a scroll of identify
 g - a scroll of fear
 m - a scroll of vulnerability
 n - 2 scrolls of fog
Potions
 d - a potion of might
 h - a potion of flight
 i - a potion of heal wounds


   Skills:
 + Level 3.6 Fighting
 + Level 2.4 Axes
 + Level 3.6 Armour
 - Level 0.1 Dodging
 + Level 3.7 Shields


You had 2 spell levels left.
You didn't know any spells.
Your spell library was empty.

Dungeon Overview and Level Annotations

Branches:
Dungeon (3/15)

Altars:

Shops:
D:1 ?(=:   D:2 ?


Innate Abilities, Weirdness & Mutations

You are immune to sickness and miasma.
Your stone body is resilient. (AC +3)
You are immune to poison.
You resist negative energy. (rN+)
You are resistant to electric shocks. (rElec)
You are resistant to unholy torment.
You are immune to petrification.


Message History

Done exploring.
There is an open door here.
Things that are here:
a +0 whip; a stone
There is an open door here.
There is an open door here.
There is a stone staircase leading down here.
You climb downwards.
There is a stone staircase leading up here.
As you read the scroll labelled UZA ICLIOSK, it crumbles to dust.
It is a scroll of identify.
h - a potion of flight
As you read the scroll of identify, it crumbles to dust.
i - a potion of heal wounds
As you read the scroll of identify, it crumbles to dust.
l - a potion of attraction A ball python comes into view.
You drop a potion of attraction.
As you read the scroll labelled KACZUTZ VUGOU, it crumbles to dust.
It is a scroll of enchant weapon.
Your +0 war axe glows red for a moment.
As you read the scroll labelled BIOTHE AMOJO, it crumbles to dust.
You assume a fearsome visage.
The ball python looks frightened!
It was a scroll of fear.
As you read the scroll labelled QOLLADGHAGH, it crumbles to dust.
The creatures around you are filled with an inner flame!
It was a scroll of immolation.
As you read the scroll labelled WISKANG VEPTA, it crumbles to dust.
Your attack snaps the ball python out of its fear.
Magic quickly surges around you.
It was a scroll of vulnerability.
As you read the scroll labelled WAWEUS KOEMURCHIOM, it crumbles to dust.
The scroll dissolves into smoke.
It was a scroll of fog.
The ball python bites you but does no damage.
The ball python grabs you. The ball python constricts you.
You escape the ball python's grasp.
You hit the ball python.
The ball python explodes!
The fiery explosion engulfs you!!
Ouch! That really hurt!
You die...

... ... .. ..
#####. ....
###.###§#########
......§@§§§......
#.#.###§#§#######
#§#... ..#####
...# ....+ #....#
...###


There were no monsters in sight!

Vanquished Creatures
  An adder (D:2)
  A bat (D:2)
  4 endoplasms (D:1)
  3 goblins
  3 hobgoblins (D:1)
  2 jackals (D:1)
  2 quokkas (D:1)
  4 ball pythons
  2 frilled lizards (D:1)
  2 kobolds
  6 rats
30 creatures vanquished.

Notes
Turn   | Place    | Note
-------+----------+-------------------------------------------
     0 | D:1      | bande the Gargoyle Fighter began the quest for the Orb.
     0 | D:1      | Reached XP level 1. HP: 14/14 MP: 1/1
    49 | D:1      | Found Usuix's Vocational Training.
    88 | D:1      | Found Legoog's Jewellery Boutique.
   121 | D:1      | Found Bairealu's Antique Weapon Boutique.
   163 | D:1      | Found a faded altar of an unknown god.
   174 | D:1      | Reached XP level 2. HP: 16/19 MP: 2/2
   375 | D:1      | Found Emamianki's Magic Scroll Shop.
   652 | D:1      | Reached XP level 3. HP: 22/23 MP: 3/3
   818 | D:2      | Found Waful's Magic Scroll Emporium.
   843 | D:2      | Bought a scroll of noise for 12 gold pieces
  1356 | D:3      | Killed by an exploding ball python... ignited by their
                  | inner flame

Illustrated notes

Levels and vault maps discovered:
D:1:      minmay_arrival_diagonal_passages, layout_loops_ring,
          hellmonk_ecumenical_altar_run_dry, serial_shops, nicolae_square_shop,
          nicolae_shop_competitors_out_of_business, nicolae_shop_statue_plus,
          minmay_statues_item, chequers_serial_rivers_marsh,
          nicolae_shop_vocational
D:2:      layout_basic, serial_shops, shop
D:3:      layout_basic, overflow_temple_1_default,
          gammafunk_temple_overflow_wave

Skill      XL: |  1  2 |
---------------+-------+-----
Axes           | 2 |  2.4
Fighting       | |  3.6
Armour         | |  3.6
Dodging        | |  0.1
Shields        | |  3.7

Action                   || total
-------------------------++-------
Melee: War axe           ||    84
  Use: Scroll            ||     8
Armor: Scale mail        ||    43
Dodge: Dodged            ||    41
Block: Buckler           ||    26

Table legend: (Time is in decaauts)
 A = Elapsed time spent in this place.
 B = Non-inter-level travel time spent in this place.
 C = Inter-level travel time spent in this place.
 D = Time resting spent in this place.
 E = Time spent auto-exploring this place.
 F = Levels seen in this place.
 G = Mean time per level.
                   A        B        C        D        E       F      G
               +--------+--------+--------+--------+--------+-----+--------+
         Total |   1393 |   1266 |    127 |      0 |    938 |   3 |  464.3 |
       Dungeon |   1393 |   1266 |    127 |      0 |    938 |   3 |  464.3 |
               +--------+--------+--------+--------+--------+-----+--------+

Top non-repeatable levels by time:
     D:1: 848 daAuts
     D:2: 533 daAuts
     D:3: 11 daAuts
